[Event "German Cup 2019"]
[Site "Magdeburg"]
[Date "2019.06.01"]
[Round "5.1"]
[White "Kuberczyk, Christoph"]
[Black "Kopylov, Daniel"]
[Result "1-0"]
[ECO "D79"]
[WhiteElo "2271"]
[BlackElo "2263"]
[Annotator "ChessBase"]
[PlyCount "91"]
[EventDate "2019.05.30"]
[EventType "k.o."]
[EventCountry "GER"]
[SourceTitle "playchess.com"]
[Source "ChessBase"]
[SourceQuality "1"]
[TimeControl "40/5400+30:900+30"]

1. c4 g6 2. d4 Nf6 3. Nf3 Bg7 4. g3 c6 5. Bg2 d5 6. cxd5 cxd5 7. O-O O-O 8. Ne5 Nc6 9. Nc3 e6 10. f4 Ne8 11. Be3 Nd6 12. b3 Nf5 13. Bf2 Nxe5 14. dxe5 g5 15. e4 d4 16. exf5 dxc3 17. f6 Qxd1 18. Raxd1 Bh6 19. Bc5 Re8 20. Rd4 gxf4 21. gxf4 b6 22. Ba3 Rb8 23. Rc1 Ba6 24. Rxc3 Red8 25. Bd6 Rbc8 26. Rxc8 Rxc8 27. Be7 Rc1+ 28. Kf2 Rc2+ 29. Kg3 Rc3+ 30. Kg4 Be2+ 31. Kh4 Rc8 32. Bb7 Rb8 33. Kg3 Kh8 34. Kf2 Bh5 35. Ke3 Rg8 36. Ba6 Rg1 37. Rd8+ Rg8 38. Rd7 Ra8 39. b4 Kg8 40. b5 Kh8 41. Bb7 Rg8 42. Bc6 Rg4 43. Bf3 Bxf4+ 44. Kf2 h6 45. Bxg4 Bxg4 46. Rd4 1-0

[Event "German Cup 2019"]
[Site "Magdeburg"]
[Date "2019.06.01"]
[Round "5.1"]
[White "Cofmann, Veaceslav"]
[Black "Mueller, Kai-Markus"]
[Result "1-0"]
[ECO "E11"]
[WhiteElo "2250"]
[BlackElo "2179"]
[Annotator "ChessBase"]
[PlyCount "77"]
[EventDate "2019.05.30"]
[EventType "k.o."]
[EventCountry "GER"]
[SourceTitle "playchess.com"]
[Source "ChessBase"]
[SourceQuality "1"]
[TimeControl "40/5400+30:900+30"]

1. d4 Nf6 2. c4 e6 3. Nf3 Bb4+ 4. Bd2 c5 5. Bxb4 cxb4 6. Qb3 a5 7. a3 Na6 8. Nbd2 d6 9. e4 O-O 10. Be2 b6 11. O-O e5 12. axb4 Nxb4 13. Qc3 Bg4 14. Rad1 Qc7 15. Qe3 Nc2 16. Qd3 Nb4 17. Qb1 Rfe8 18. b3 Nc6 19. d5 Nb4 20. Rfe1 Ra7 21. Nh4 Bc8 22. Nf1 Qe7 23. Ng3 g6 24. Qc1 Nfxd5 25. Nxg6 hxg6 26. exd5 Kg7 27. f4 exf4 28. Bf3 Qf8 29. Qxf4 Rxe1+ 30. Rxe1 f6 31. Re2 a4 32. bxa4 Rxa4 33. Qd4 Qd8 34. Ne4 Kf7 35. Qd1 Ra5 36. Qd2 Ra1+ 37. Kf2 Na6 38. Qh6 Qg8 39. Nxd6# 1-0

[Event "German Cup 2019"]
[Site "Magdeburg"]
[Date "2019.06.01"]
[Round "5.1"]
[White "Steffens, Olaf"]
[Black "Nguyen, Alex Dac-Vuong"]
[Result "0-1"]
[ECO "A00"]
[WhiteElo "2201"]
[BlackElo "2287"]
[Annotator "ChessBase"]
[PlyCount "74"]
[EventDate "2019.05.30"]
[EventType "k.o."]
[EventCountry "GER"]
[SourceTitle "playchess.com"]
[Source "ChessBase"]
[SourceQuality "1"]
[TimeControl "40/5400+30:900+30"]

1. b4 e5 2. a3 d5 3. Bb2 Nd7 4. e3 Ngf6 5. c4 c6 6. Nf3 Bd6 7. Nc3 Qe7 8. d4 e4 9. Nd2 O-O 10. g4 dxc4 11. Bxc4 Nb6 12. Be2 a5 13. g5 Nfd5 14. Ncxe4 axb4 15. Nxd6 Qxd6 16. axb4 Bh3 17. Bd3 Nf4 18. exf4 Rae8+ 19. Be2 Qxf4 20. Ra3 Bg2 21. Rg1 Qxh2 22. Rxg2 Qxg2 23. Rg3 Qh1+ 24. Nf1 Nd5 25. Kd2 Qh4 26. Kc2 Qf4 27. Kb3 Qxf2 28. Bd3 g6 29. Rf3 Qh4 30. Qd2 f6 31. gxf6 Rxf6 32. Rxf6 Qxf6 33. Ka2 b5 34. Ng3 Qf3 35. Nf1 Qxd3 36. Qxd3 Nxb4+ 37. Kb3 Nxd3 0-1

[Event "German Cup 2019"]
[Site "Magdeburg"]
[Date "2019.06.01"]
[Round "5.1"]
[White "Gressmann, Moritz"]
[Black "Falk, Kristoffer"]
[Result "1/2-1/2"]
[ECO "B40"]
[WhiteElo "2180"]
[BlackElo "2019"]
[Annotator "ChessBase"]
[PlyCount "91"]
[EventDate "2019.05.30"]
[EventType "k.o."]
[EventCountry "GER"]
[SourceTitle "playchess.com"]
[Source "ChessBase"]
[SourceQuality "1"]
[TimeControl "40/5400+30:900+30"]

1. e4 c5 2. Nf3 e6 3. Nc3 a6 4. a4 Nc6 5. Be2 Qc7 6. O-O Nf6 7. Re1 Be7 8. Bf1 d6 9. h3 b6 10. d3 Bb7 11. Ne2 O-O 12. c3 c4 13. Ng3 cxd3 14. Bxd3 Rfe8 15. Nh2 e5 16. Nf5 Nd8 17. Re3 Ne6 18. Ng4 Kh8 19. Nxf6 Bxf6 20. Rg3 Nf4 21. Qg4 g6 22. Bxf4 exf4 23. Qxf4 Be5 24. Qh6 gxf5 25. exf5 Bxg3 26. f6 Bxf2+ 27. Kf1 Bxg2+ 28. Kxg2 Rg8+ 29. Kf1 Rg6 30. Bxg6 fxg6 31. Kxf2 Qf7 32. Qf4 Rf8 33. Qxd6 Qxf6+ 34. Qxf6+ Rxf6+ 35. Ke3 Kg7 36. b4 g5 37. c4 Rf4 38. Rc1 Kf6 39. c5 bxc5 40. bxc5 Ke7 41. Rg1 Rf5 42. Kd4 Kd7 43. Rb1 Rf4+ 44. Kd5 Rf5+ 45. Kd4 Rf4+ 46. Kd5 1/2-1/2

[Event "German Cup 2019"]
[Site "Magdeburg"]
[Date "2019.06.01"]
[Round "5.1"]
[White "Meyer-Dunker, Paul"]
[Black "Bold, Andre"]
[Result "1/2-1/2"]
[ECO "B13"]
[WhiteElo "2062"]
[BlackElo "2064"]
[Annotator "NA"]
[PlyCount "112"]
[EventDate "2019.05.30"]
[EventType "k.o."]
[EventCountry "GER"]
[SourceTitle "playchess.com"]
[Source "ChessBase"]
[SourceQuality "1"]
[TimeControl "40/5400+30:900+30"]

1. e4 c6 2. d4 d5 3. exd5 cxd5 4. Bd3 Nc6 5. c3 Nf6 6. Bf4 Bg4 7. Qb3 Qd7 8. Nd2 e6 9. Ngf3 Bxf3 10. Nxf3 Bd6 11. Bxd6 Qxd6 12. O-O O-O 13. Rae1 Qc7 {[%emt 0:00:05] B13: Caro-Kann: Exchange Variation and Panov-Botvinnik Attack} (13... Rab8 14. Ne5 Qc7 15. f4 b5 16. a3 a5 17. Qc2 Rfc8 18. Qf2 b4 19. axb4 axb4 20. f5 bxc3 21. bxc3 {½-½ (30) Aravindh,C (2599)-Andreikin,D (2725) Astana 2019}) 14. Qd1 {[%emt 0:01:43] [#]} Rae8 $146 ({Predecessor:} 14... h6 15. Ne5 Nxe5 16. dxe5 Nd7 17. f4 f5 18. exf6 Rxf6 19. Qg4 Qb6+ 20. Rf2 Rd8 21. g3 {½-½ (50) Gazik,V (2414)-Polak,T (2511) Bojnice 2016}) 15. Qe2 h6 16. Ne5 Nd7 17. f4 f5 18. Ng6 Rf6 19. Qh5 Kh7 20. Nh4 g6 21. Nxg6 Rxg6 22. Bxf5 exf5 23. Rxe8 Nf6 24. Rh8+ Kg7 25. Qxf5 Ne7 26. Qe5 Qxe5 27. fxe5 Nfg8 28. Rxg8+ Kxg8 29. g3 Ra6 30. Ra1 Rb6 31. b3 Rc6 32. Rc1 Nf5 33. Rf1 Ne3 34. Rc1 b5 35. Kf2 Rxc3 36. Rxc3 Nd1+ 37. Kf3 Nxc3 38. Kf4 Nxa2 39. e6 Kf8 40. g4 Nb4 41. Ke5 a5 42. h4 a4 43. bxa4 bxa4 44. g5 a3 45. gxh6 a2 46. e7+ Kxe7 47. h7 a1=Q 48. h8=Q Qe1+ 49. Kf5 Qf2+ 50. Kg5 Qg3+ 51. Kf5 Qf3+ 52. Kg5 Qe3+ 53. Kf5 Qe4+ 54. Kg5 Qe3+ 55. Kf5 Qe6+ $19 56. Kg5 Qe3+ 1/2-1/2